 Dungeon Crawl Stone Soup version 0.30.1-9-gdf580d7c3d (webtiles) character file.

Game seed: 18138934022821978795

1985 lonewolfV2 the Ducker (level 9, -2/90 (94) HPs)
             Began as a Demonspawn Fighter on Oct 26, 2023.
             Was a Follower of Qazlal.
             Slain by a sky beast (5 damage)
             ... on level 7 of the Dungeon.
             The game lasted 00:08:59 (6909 turns).

lonewolfV2 the Ducker (Demonspawn Fighter)          Turns: 6909, Time: 00:09:00

HP:   -2/90 (94)    AC: 24    Str: 21    XL:     9   Next: 1%
MP:   9/9           EV:  2    Int:  9    God:    Qazlal [*.....]
Gold: 344           SH:  6    Dex: 13    Spells: 8/8 levels left

rFire   . . .        a - +0 war axe
rCold   . . .        c - +0 buckler
rNeg    . . .        k - melded +0 plate armour
rPois   +            (helmet currently unavailable)
rElec   .            (cloak currently unavailable)
rCorr   .            (gloves currently unavailable)
SInv    .            (boots currently unavailable)
Will    .....        m - amulet of faith
Stlth   +            (no ring)
HPRegen 0.35/turn    (no ring)
MPRegen 0.11/turn

%: clarity, faith
@: tree-form, lightly drained
A: stationary, stasis, torment immunity, boosted hp, (molten scales 1), (spiny
1), clarity, (deformed body), evolution 1
a: Renounce Religion


You were on level 7 of the Dungeon.
You worshipped Qazlal.
Qazlal was aware of your devotion.
You were a tree.
You visited 2 branches of the dungeon, and saw 8 of its levels.

You collected 344 gold pieces.

Inventory:

Hand Weapons
 a - a +0 war axe (weapon)
Armour
 b - a +0 scale mail
 c - a +0 buckler (worn)
 j - the +0 scale mail "Myrogur" {+Blink rPois rN+ rCorr}
   (You found it on level 2 of the Dungeon)

   rPois:     It protects you from poison.
   rN:        It protects you from negative energy.
   +Blink:    It lets you blink.
   rCorr:     It protects you from acid and corrosion.
 k - a +0 plate armour (melded)
Jewellery
 g - an amulet of guardian spirit
 m - an amulet of faith (around neck)
 p - a ring of protection from cold
Wands
 d - a wand of iceblast (3)
 o - a wand of polymorph (1)
 s - a wand of flame (21)
Scrolls
 h - 6 scrolls of teleportation
Potions
 e - a potion of mutation
 i - 2 potions of lignification
 l - a potion of degeneration
 n - 2 potions of attraction


   Skills:
 - Level 3.0 Fighting
 - Level 1.7 Axes
 * Level 7.8 Armour
 + Level 7.8 Dodging
 - Level 2.6 Shields


You had 8 spell levels left.
You didn't know any spells.
Your spell library contained the following spells:

 Spells                   Type           Power      Damage    Failure   Level
 Summon Small Mammal      Summ           0%         N/A       45%         1
 Sublimation of Blood     Necr           0%         N/A       58%         2
 Wereblood                Tmut           0%         N/A       58%         2
 Call Canine Familiar     Summ           0%         N/A       83%         3
 Frozen Ramparts          Ice            0%         1d1       83%         3
 Summon Guardian Golem    Hex/Summ       0%         N/A       83%         3
 Ice Form                 Ice/Tmut       0%         N/A       99%         4
 Summon Ice Beast         Ice/Summ       0%         N/A       99%         4
 Orb of Destruction       Conj           0%         9d5       100%        7
 Spellforged Servitor     Conj/Summ      0%         N/A       100%        7
 Summon Hydra             Summ           0%         N/A       100%        7


Dungeon Overview and Level Annotations

Branches:
Dungeon (7/15)             Temple (1/1) D:5

Altars:
Dithmenos
Fedhas
Kikubaaqudgha
Qazlal
Trog
Wu Jian


Innate Abilities, Weirdness & Mutations

You are a tree.
Your roots penetrate the ground, keeping you stationary.
You cannot be teleported.
You are immune to unholy pain and torment.
Your maximum health is greatly increased.
Your equipment is partially melded.
((You are partially covered in molten scales. (AC +2)))
((You are partially covered in sharp spines.))
You possess an exceptional clarity of mind.
((Armour fits poorly on your strangely shaped body.))
You have hidden genetic potential.


Message History

* * * LOW HITPOINT WARNING * * *
You hit the iguana but do no damage.
The iguana is almost dead.
You closely miss something.
The iguana bites you but does no damage.
Something hits you but does no damage.
The wight hits you from afar with a +0 spear.
* * * LOW HITPOINT WARNING * * *
The wight hits you but does no damage.
You hit the iguana.
The iguana is almost dead.
You slash the orc!
You kill the orc!
Qazlal accepts your kill.
You miss something. Something hits you but does no damage.
The iguana bites you but does no damage.
The wight hits you but does no damage. x2
You have reached level 9!
Your experience leads to an increase in your attributes!
Increase (S)trength, (I)ntelligence, or (D)exterity?
You feel stronger. x2
You slash the iguana!
You kill the iguana!
Qazlal accepts your kill.
You miss something. Something hits you but does no damage.
The wight hits you but does no damage. x3
The wight hits you from afar with a +0 spear.
* * * LOW HITPOINT WARNING * * *
You feel drained.
* * * LOW HITPOINT WARNING * * *
Something hits you but does no damage.
You cannot move.
You cannot move.
An orc comes into view. It is wielding a +0 short sword.
Something hits you but does no damage. The wight hits you but does no damage.
The wight barely misses you. Something hits you.
* * * LOW HITPOINT WARNING * * *
Something shocks you.
You die...

....#...##.......##.#..
#...#..####.......#.....
#......# ##.....[......
##.<..## ##......#....
#...)# ##....##....
#....# ##...........
#...## ##..........#
#...# ##...z†....###
#...# #...zz†♣)..# ....#
.....##){)..# #.....
.....# ##.....# ###..
..... ##....# ##. o.....
# #..#### .## .#


You could see 3 wights and an orc.

Vanquished Creatures
  Eustachio (D:6)
  Menkaure (D:5)
  Edmund (D:5)
  A water moccasin (D:5)
  2 black bears (D:4)
  An ice beast (D:6)
  2 ogres (D:5)
  2 kobold brigands
  A scorpion (D:5)
  9 killer bees
  A howler monkey (D:6)
  A hound (D:7)
  An orc priest (D:6)
  Jessica (D:2)
  2 iguanas (D:7)
  Ijyb (D:5)
  Terence (D:2)
  7 gnolls (D:5)
  10 adders
  An ufetubus (D:6)
  A worm (D:3)
  9 orcs
  5 ball pythons
  8 endoplasms
  A giant cockroach (D:3)
  13 hobgoblins
  6 jackals
  6 quokkas
  5 bats
  A frilled lizard (D:1)
  10 goblins
  10 kobolds
  A rat (D:3)
123 creatures vanquished.

Notes
Turn   | Place    | Note
-------+----------+-------------------------------------------
     0 | D:1      | lonewolfV2 the Demonspawn Fighter began the quest for the
                  | Orb.
     0 | D:1      | Reached XP level 1. HP: 18/18 MP: 1/1
    85 | D:1      | You fall into a shaft and drop 1 floor!
   203 | D:1      | Reached skill level 1 in Dodging
   205 | D:1      | Gained mutation: You are partially covered in molten
                  | scales. (AC +2) [demonic ancestry]
   205 | D:1      | Reached XP level 2. HP: 19/24 MP: 2/2
   742 | D:2      | Noticed Jessica
   756 | D:2      | Killed Jessica
   757 | D:2      | Reached XP level 3. HP: 13/29 MP: 3/3
   990 | D:2      | Reached XP level 4. HP: 35/35 MP: 4/4
  1176 | D:2      | Noticed Terence
  1180 | D:2      | Killed Terence
  1381 | D:2      | Identified the +0 scale mail "Myrogur" {+Blink rPois rN+
                  | rCorr}
  2166 | D:4      | Noticed a black bear
  2177 | D:4      | Killed a black bear
  2178 | D:4      | Gained mutation: You are partially covered in sharp spines.
                  | [demonic ancestry]
  2178 | D:4      | Reached XP level 5. HP: 31/41 MP: 3/5
  2579 | D:4      | Reached XP level 6. HP: 39/47 MP: 4/6
  2994 | D:4      | Found a blossoming altar of Fedhas.
  3070 | D:5      | Entered Level 5 of the Dungeon
  3095 | D:5      | Reached skill level 5 in Dodging
  3210 | D:5      | Found a staircase to the Ecumenical Temple.
  3213 | D:5      | Noticed a water moccasin
  3214 | D:5      | Noticed Edmund
  3222 | D:5      | Killed a water moccasin
  3223 | D:5      | Reached XP level 7. HP: 16/52 MP: 2/7
  3870 | D:5      | Reached skill level 5 in Armour
  4024 | D:5      | Gained mutation: Armour fits poorly on your strangely
                  | shaped body. [potion of mutation]
  4024 | D:5      | Gained mutation: You have hidden genetic potential. [potion
                  | of mutation]
  4148 | D:5      | Noticed Ijyb
  4163 | D:5      | Killed Ijyb
  4165 | D:5      | Reached XP level 8. HP: 24/58 MP: 4/8
  4628 | D:5      | Killed Edmund
  4693 | D:5      | Noticed Menkaure
  4707 | D:5      | Killed Menkaure
  5080 | Temple   | Entered the Ecumenical Temple
  5217 | Temple   | Became a worshipper of Qazlal Stormbringer
  5626 | D:6      | Gained mutation: You possess an exceptional clarity of
                  | mind. [hidden potential]
  6263 | D:6      | Noticed Eustachio
  6298 | D:6      | Killed Eustachio
  6896 | D:7      | Reached * piety under Qazlal
  6898 | D:7      | HP: 2/56 [wight/+0 trident (10)]
  6907 | D:7      | Reached XP level 9. HP: 11/60 MP: 9/9
  6907 | D:7      | HP: 4/88 [wight/+0 spear (2)]
  6909 | D:7      | Slain by a sky beast

Illustrated notes

Levels and vault maps discovered:
D:1:      eino_arrival_cavern_c, layout_loops_ring
D:2:      layout_loops_cross, uniq_terence, uniq_jessica
D:3:      layout_loops_ring, minmay_misc_feat_enclosed, hex_large
D:4:      layout_basic, kennysheep_little_box, minmay_crossroads
D:5:      layout_gridville, temple_fountains, uniq_menkaure, uniq_edmund,
          uniq_ijyb
D:6:      layout_rooms, uniq_eustachio
D:7:      layout_layer_cave, supply_closet_lemuel
Temple:   mainiacjoe_temple_cubbyholes

Skill      XL: |  1  2  3  4  5  6  7  8 |
---------------+-------------------------+-----
Dodging        | 1 2 4 5 6 7 |  7.8
Armour         | 3 4 5 7 |  7.8
Fighting       | |  3.0
Axes           | |  1.7
Shields        | |  2.6

Action                     |  1- 3 |  4- 6 |  7- 9 || total
---------------------------+-------+-------+-------++-------
  Melee: War axe           |    80 |   118 |   127 ||   325
         Unarmed           |       |       |    30 ||    30
  Evoke: Wand              |       |       |     5 ||     5
    Use: Scroll            |       |     4 |     4 ||     8
         Potion            |       |     1 |    11 ||    12
 Armour: Scale mail        |    60 |    15 |       ||    75
         Plate armour      |       |    82 |    96 ||   178
         Skin              |       |       |    27 ||    27
  Dodge: Dodged            |    66 |    60 |   111 ||   237
  Block: Buckler           |    28 |    39 |    53 ||   120
